 Dungeon Crawl Stone Soup version 0.28-a0-1235-g7c8fac35f0 (webtiles) character file.

Game seed: 18392491663046535633

97 Zonian the Stinger (level 4, -1/29 (30) HPs)
             Began as a Merfolk Venom Mage on Dec 24, 2021.
             Was an Initiate of Yredelemnul.
             Slain by an orc (3 damage)
             ... on level 3 of the Dungeon.
             The game lasted 00:04:50 (3077 turns).

Zonian the Stinger (Merfolk Venom Mage)             Turns: 3077, Time: 00:04:50

HP:   -1/29 (30)    AC:  4    Str: 10    XL:     4   Next: 68%
MP:   2/7           EV: 12    Int: 14    God:    Yredelemnul [......]
Gold: 62            SH:  3    Dex: 14    Spells: 7/8 levels left

rFire   . . .      SeeInvis .   i - +0 trident
rCold   . . .      Faith    .   d - +0 buckler
rNeg    . . .      Spirit   .   a - +0 robe
rPois   .          Reflect  .   (no helmet)
rElec   .          Harm     .   (no cloak)
rCorr   .          Rampage  .   (no gloves)
Will    .....                   m - +1 pair of boots {Stlth+}
Stlth   +++.......              (no amulet)
HPRegen 0.09/turn               (no ring)
MPRegen 0.10/turn               (no ring)

@: lightly drained
A: (nimble swimmer 2), mertail
a: Renounce Religion, Recall Undead Harvest


You were on level 3 of the Dungeon.
You worshipped Yredelemnul.
Yredelemnul was noncommittal.
You visited 1 branch of the dungeon, and saw 3 of its levels.

You collected 62 gold pieces.

Inventory:

Hand Weapons
 b - a +0 whip
 c - a +0 hand axe
 i - a +0 trident (weapon)
Missiles
 h - 4 boomerangs
Armour
 a - a +0 robe (worn)
 d - a +0 buckler (worn)
 m - a +1 pair of boots of stealth (worn)
Magical Staves
 n - a staff of conjuration
Scrolls
 f - a scroll of torment {unknown}
 g - a scroll of identify {unknown}
 k - a scroll of amnesia {unknown}
 l - a scroll of fear {unknown}
 o - a scroll of teleportation {unknown}
Potions
 e - 2 potions of heal wounds {unknown}
 j - a potion of cancellation {unknown}
 p - a potion of resistance {unknown}
 q - a potion of mutation {unknown}
 r - a potion of brilliance {unknown}


   Skills:
 + Level 1.4 Polearms
 + Level 3.5 Dodging
 + Level 3.0 Stealth
 + Level 0.0 Shields
 + Level 2.6 Spellcasting
 + Level 2.7 Transmutations
 + Level 3.8 Poison Magic


You had 7 spell levels left.
You knew the following spells:

 Your Spells              Type           Power      Damage    Failure   Level
a - Sting                 Tmut/Pois      44%        1d5       10%         1

Your spell library contained the following spells:

 Spells                   Type           Power      Damage    Failure   Level
 Poisonous Vapours        Pois/Air       14%        N/A       26%         2
 Mephitic Cloud           Conj/Pois/Air  5%         N/A       54%         3
 Olgreb's Toxic Radiance  Pois           12%        N/A       58%         4


Dungeon Overview and Level Annotations

Branches:
Dungeon (3/15)

Altars:
Ru
Yredelemnul


Innate Abilities, Weirdness & Mutations

((You are very nimble when in or above water. (Stealth+, EV+, Speed+++)))
Your lower body shifts to a powerful aquatic tail in water.


Message History

You block the orc's attack.
Your orc zombie closely misses the orc.
A hound comes into view.
Unknown command.
The sting hits the orc but does no damage.
The orc looks even sicker.
The orc is heavily wounded.
The hound barks!
The orc barely misses you.
Your orc zombie hits the orc but does no damage.
Unknown command.
The sting hits the orc but does no damage.
The orc looks as sick as possible!
The orc is severely wounded.
The orc hits you with a +2 falchion of draining.
You feel drained.
Your orc zombie barely misses the orc.
Unknown command.
You hit the orc.
You kill the orc!
A black mist starts to gather...
An endoplasm comes into view.
Unknown command.
You swap places.
The orc priest hits your orc zombie with a +0 whip!
Your orc zombie is destroyed!
The hound bites you but does no damage.
Your orc zombie completely misses the orc priest.
The hound closely misses you. The orc hits you with a +0 falchion.
The orc hits you with a +0 falchion.
The orc priest miscasts a cantrip.
You block the hound's attack. The orc barely misses you.
The hound barely misses you.
The orc priest calls down the wrath of Beogh upon you.
Beogh smites you!
* * * LOW HITPOINT WARNING * * *
There is an escape hatch in the ceiling here.
The hound bites you.
* * * LOW HITPOINT WARNING * * *
The orc hits you with a +0 falchion.
You die...
Your body rises from the dead as a mindless zombie.

........#######......
.....................
....................
..................#
..................#
.......[..........#
########)...Z$.o..#
#......oh..#
#.)....Jo@.#
#.......o..#
#..........#
#......$...#
#..........#
....###...### .....
....# .....#


You could see a hound, an orc priest (ally target), 3 orcs, an endoplasm and a
friendly orc zombie.

Vanquished Creatures
  2 orc wizards (D:3)
  A dart slug (D:2)
  2 orcs (D:3)
  2 bats
  An endoplasm (D:1)
  5 goblins
  6 hobgoblins (D:1)
  2 jackals (D:2)
  4 quokkas
  3 ball pythons
  A frilled lizard (D:1)
  6 kobolds
  2 rats
37 creatures vanquished.

Vanquished Creatures (collateral kills)
  An orc (D:3)
  A ball python (D:2)
  A kobold (D:2)
3 creatures vanquished.

Vanquished Creatures (others)
  An orc zombie (D:3)
  A rat zombie (D:3)
2 creatures vanquished.

Grand Total: 42 creatures vanquished

Notes
Turn   | Place    | Note
-------+----------+-------------------------------------------
     0 | D:1      | Zonian the Merfolk Venom Mage began the quest for the Orb.
     0 | D:1      | Reached XP level 1. HP: 13/13 MP: 3/3
   335 | D:1      | Reached XP level 2. HP: 16/19 MP: 1/5
  1704 | D:1      | Found a faded altar of an unknown god.
  1726 | D:1      | Prayed at the altar of an unknown god.
  1726 | D:1      | Became a worshipper of Yredelemnul the Dark
  1726 | D:1      | Reached * piety under Yredelemnul
  1849 | D:2      | Found a sacrificial altar of Ru.
  1910 | D:2      | Reached XP level 3. HP: 21/24 MP: 1/6
  2883 | D:3      | Reached skill level 1 in Polearms
  2883 | D:3      | Reached XP level 4. HP: 19/30 MP: 2/7
  3077 | D:3      | Slain by an orc

Illustrated notes

Levels and vault maps discovered:
D:1:      wander_arrival_desolate, layout_basic, basic_ecumenical_altar
D:2:      layout_basic, basic_altar, hangedman_abyss_or_decor_lesser_grid,
          kennysheep_decorative_pillar
D:3:      layout_basic, nicolae_overflow_crystal_walls

Skill      XL: |  1  2  3  4 |
---------------+-------------+-----
Dodging        | 3 |  3.5
Transmutations | 2 |  2.7
Polearms       | 1 |  1.4
Stealth        | 3 |  3.0
Spellcasting   | |  2.6
Poison Magic   | |  3.8

Action                   |  1- 3 |  4- 6 || total
-------------------------+-------+-------++-------
Melee: Hand axe          |    15 |       ||    15
       Trident           |    23 |    10 ||    33
 Cast: Sting             |    41 |    11 ||    52
  Use: Potion            |     1 |     1 ||     2
 Stab: Sleeping          |     2 |       ||     2
Armor: Robe              |     9 |     3 ||    12
Dodge: Dodged            |    45 |     8 ||    53
Block: Buckler           |       |     2 ||     2

Table legend: (Time is in decaauts)
 A = Elapsed time spent in this place.
 B = Non-inter-level travel time spent in this place.
 C = Inter-level travel time spent in this place.
 D = Time resting spent in this place.
 E = Time spent auto-exploring this place.
 F = Levels seen in this place.
 G = Mean time per level.
                   A        B        C        D        E       F      G
               +--------+--------+--------+--------+--------+-----+--------+
         Total |   3682 |   3634 |     48 |   1293 |   1899 |   3 | 1227.3 |
       Dungeon |   3682 |   3634 |     48 |   1293 |   1899 |   3 | 1227.3 |
               +--------+--------+--------+--------+--------+-----+--------+

Top non-repeatable levels by time:
     D:1: 1823 daAuts
     D:2: 1603 daAuts
     D:3: 255 daAuts
